 Dungeon Crawl Stone Soup version 0.22.1-1-ga44c0e56f4 (webtiles) character file.

63 Gargoyl the Skirmisher (level 3, -6/31 HPs)
             Began as a Centaur Abyssal Knight on Oct 27, 2018.
             Was a Follower of Lugonu.
             Killed from afar by Natasha (7 damage)
             ... with a magic dart
             ... on level 2 of the Dungeon.
             The game lasted 00:02:27 (1286 turns).

Gargoyl the Skirmisher (Centaur Abyssal Knight)     Turns: 1286, Time: 00:02:27

Health: -6/31      AC:  8    Str: 19    XL:     3   Next: 89%
Magic:  4/4        EV:  7    Int: 11    God:    Lugonu [*.....]
Gold:   82         SH:  0    Dex:  9    Spells: 2/2 levels left

rFire    + . .     SeeInvis .   a - +1 hand axe
rCold    . . .     Gourm    .   (no shield)
rNeg     . . .     Faith    .   f - +0 scale mail
rPois    .         Spirit   .   b - +1 helmet
rElec    .         Reflect  .   (no cloak)
rCorr    .         Harm     .   (no gloves)
MR       .....                  (no barding)
Stlth    ..........             (no amulet)
HPRegen  0.10/turn              d - ring of protection from fire
MPRegen  0.09/turn              (no ring)

@: mighty, very quick
A: large, hooves 3, deformed body, speed 2, tough skin 3
a: Depart the Abyss, Renounce Religion


You were on level 2 of the Dungeon.
You worshipped Lugonu.
Lugonu was aware of your devotion.
You were hungry.

You visited 1 branch of the dungeon, and saw 2 of its levels.
You visited the Abyss 1 time.

You collected 82 gold pieces.

Inventory:

Hand Weapons
 a - a +1 hand axe (weapon)
Armour
 b - a +1 helmet (worn)
 f - a +0 scale mail (worn)
Jewellery
 d - a ring of protection from fire (left hand)
Scrolls
 g - 4 scrolls of teleportation
Potions
 e - 3 potions of flight
Comestibles
 c - 5 rations


   Skills:
 + Level 3.2 Fighting
 + Level 2.2 Axes
 * Level 2.4 Armour
 + Level 0.9 Dodging
 * Level 2.4 Invocations


You had 2 spell levels left.
You didn't know any spells.
Your spell library was empty.

Dungeon Overview and Level Annotations

Branches:
Dungeon (2/15)

Altars:

Annotations:
D:2 Natasha


Innate Abilities, Weirdness & Mutations

You have hooves in place of feet.
Armour fits poorly on your strangely shaped body.
You cover ground very quickly.
You have extremely tough skin. (AC +3)


Message History

You kill the jackal!
Lugonu accepts your kill. The jackal barely misses you.
You slash Natasha!
Natasha is heavily wounded.
Your scale mail prevents you from hitting the jackal.
The jackal closely misses you. Natasha claws you.
* * * LOW HITPOINT WARNING * * *
The jackal bites you but does no damage.
Unknown command.
You barely miss Natasha. Your kick misses Natasha.
Natasha is heavily wounded.
You slash the jackal!
You kill the jackal!
Lugonu accepts your kill. Natasha claws you.
* * * LOW HITPOINT WARNING * * *
Natasha casts a spell at you. The magic dart hits you!
You die...

##..##.####..####....#.# .
#..###.##...## #....##.#
.## #.##
#....######.......# ..#
..# ###.......#..#....#
#.# .##
#.#####.#.$#.#..###.######
.# #.#
#.(.##.##..##.##.... .#
#.# #.#....###....##....
.# ..#
#........####.)..... ..
### #.h@####..###.##....
..# #..)## #...........
..# #..$. #........... ..
#.....# ##........... [.
..#.#. #............ .#
...... ...#.......... #
.#.## ####>...)..... .
#.......... #..........


You could see Natasha.

Vanquished Creatures
  Natasha (D:2)
  A worm (D:2)
  A ball python (D:1)
  3 bats
  A giant cockroach (D:2)
  4 goblins
  4 hobgoblins
  7 jackals
  3 kobolds
  2 frilled lizards
  5 rats (D:1)
32 creatures vanquished.

Vanquished Creatures (others)
  4 starspawn tentacles (Abyss:1)
4 creatures vanquished.

Grand Total: 36 creatures vanquished

Notes
Turn   | Place    | Note
-------+----------+-------------------------------------------
     0 | Abyss:1  | Gargoyl the Centaur Abyssal Knight began the quest for the
                  | Orb.
     0 | Abyss:1  | Reached XP level 1. HP: 19/19 MP: 2/2
    41 | Abyss:1  | Noticed a tentacled starspawn
   100 | Abyss:1  | Noticed a large abomination
   105 | Abyss:1  | Noticed a worldbinder
   108 | D:1      | Escaped the Abyss
   451 | D:1      | Reached XP level 2. HP: 26/26 MP: 3/3
   467 | D:1      | Reached * piety under Lugonu
  1223 | D:2      | Reached XP level 3. HP: 31/31 MP: 4/4
  1237 | D:2      | Noticed Natasha
  1250 | D:2      | Killed Natasha
  1281 | D:2      | Noticed Natasha
  1286 | D:2      | HP: 1/31 [Natasha (3)]
  1286 | D:2      | Killed from afar by Natasha

Skill      XL: |  1  2 |
---------------+-------+-----
Armour         | 2 |  2.4
Axes           | 2 |  2.2
Fighting       | |  3.2
Dodging        | |  0.9
Invocations    | |  2.4

Action                   || total
-------------------------++-------
Melee: Hand axe          ||   101
       Kick              ||    10
Invok: Depart the Abyss  ||     1
  Use: Scroll            ||     6
       Potion            ||     1
Armor: Scale mail        ||    72
       Leather armour    ||    10
Dodge: Dodged            ||    51
